Map: Moonlight Madness LE (Void)

Players

wabbajack

  • Race: Zerg Zerg
  • League: Gold

cheater - Winner!

  • Race: Protoss Protoss
  • League: Bronze

VOD

Have the link to the VOD?

Description

Time

  • Played on: July 20, 2015, 11:45 a.m.
  • Length: 13:45
Show
View Real Time Build Order
Export as new Build Order

wabbajack Zerg 

Build Orders: Pool First, Lurkers 

Get SALT Encoding   

  12  0:01  Drone  
  13  0:12  Overlord  
  13  0:18  Drone  
  14  0:23  Extractor  
  14  0:24  Drone  
  16  0:42  Drone  
  16  0:43  Drone, Extractor  
  16  0:46  Drone  
  17  0:53  Spawning Pool  
  17  0:57  Drone  
  17  1:23  Hatchery  
  16  1:30  Drone x2  
  18  1:40  Queen  
  18  1:43  Extractor  
  19  1:49  Metabolic Boost  
  19  1:57  Overlord  
  19  2:02  Zergling x2  
  20  2:11  Overlord  
  22  2:24  Pneumatized Carapace  
  20  2:36  Drone  
  20  2:37  Drone x3  
  24  2:53  Queen  
  24  2:55  Zergling x4  
  28  3:09  Zergling x2  
  28  3:10  Zergling x4  
  28  3:11  Zergling x2  
  32  3:31  Baneling Nest  
  30  3:56  Queen  
  30  3:58  Drone x4  
  30  3:59  Drone x3  
  30  4:01  Overlord  
  39  4:10  Lair  
  39  4:16  Baneling x3  
  39  4:17  Baneling  
  39  4:26  Zergling x2  
  39  4:27  Zergling x10  
  45  4:44  Spine Crawler  
  44  4:46  Roach Warren  
  34  5:40  Spore Crawler  
  34  5:41  Spore Crawler  
  32  5:48  Spore Crawler  
  30  5:50  Drone x6  
  34  6:27  Hydralisk Den, Queen  
  34  6:28  Spore Crawler, Queen  
  34  6:29  Overlord x3  
  34  6:30  Overlord x2  
  34  6:31  Overlord  
  36  6:38  Evolution Chamber  
  35  6:50  Hatchery  
  35  6:53  Drone x13  
  35  6:54  Drone x3  
  50  7:03  Muscular Augments  
  50  7:17  Extractor x2  
  48  7:26  Drone x3  
  48  7:27  Drone x3  
  54  7:40  Zerg Missile Weapons Level 1  
  54  7:41  Glial Reconstitution  
  54  8:12  Hydralisk  
  54  8:13  Hydralisk x9  
  54  8:15  Overlord x2  
  54  8:17  Roach x2  
  54  8:18  Roach x2  
  54  8:19  Spore Crawler, Roach  
  83  8:21  Lurker Den  
  83  8:22  Spore Crawler  
  82  8:29  Drone x2  
  82  8:30  Drone x4  
  88  8:39  Overseer  
  86  8:54  Spore Crawler  
  86  8:55  Spore Crawler  
  84  9:04  Hydralisk  
  84  9:06  Hydralisk x6  
  96  9:12  Overlord  
  88  9:38  Queen  
  90  9:49  Overlord x3  
  90  9:50  Roach  
  90  9:51  Roach x7  
  100  10:02  Roach  
  100  10:03  Overlord, Roach x2  
  100  10:04  Overlord  
  100  10:05  Overlord  
  106  10:08  Zerg Ground Armor Level 1  
  106  10:16  Drone  
  106  10:17  Drone x8  
  115  10:23  Lurker x2  
  115  10:24  Lurker  
  115  10:25  Lurker  
  119  10:35  Extractor, Zergling x2  
  119  10:36  Zergling x12  
  119  10:37  Extractor  
  66  11:29  Spire  
  63  11:49  Drone x3  
  63  11:50  Drone x2  
  63  11:51  Drone  
  69  12:08  Overseer  
  69  12:16  Hatchery  
  69  12:18  Hatchery  
  67  12:24  Evolution Chamber  
  66  12:45  Corruptor x3  
  66  12:46  Corruptor x8  
  66  12:49  Roach x3  
  66  12:50  Roach x2, Zergling x2  
  66  12:51  Zergling x36  
  114  13:19  Hydralisk x9  
  132  13:31  Extractor  
  132  13:32  Extractor  
Show
View Real Time Build Order
Export as new Build Order

cheater Protoss - Winner!

Build Orders: Nexus First 

Get SALT Encoding   

  12  0:01  Probe  
  13  0:17  Pylon  
  13  0:18  Probe  
  14  0:35  Probe  
  15  0:47  Probe  
  16  0:58  Nexus  
  16  1:00  Probe (Chrono Boost)  
  17  1:12  Probe (Chrono Boost)  
  17  1:14  Gateway  
  18  1:20  Probe (Chrono Boost)  
  19  1:34  Probe  
  19  1:37  Assimilator  
  20  1:40  Assimilator  
  20  1:48  Probe (Chrono Boost)  
  20  1:50  Pylon  
  21  2:09  Cybernetics Core  
  21  2:11  Probe (Chrono Boost)  
  23  2:17  Probe (Chrono Boost)  
  23  2:21  Probe (Chrono Boost)  
  24  2:27  Forge  
  24  2:28  Probe (Chrono Boost)  
  26  2:31  Zealot (Chrono Boost)  
  26  2:35  Probe (Chrono Boost)  
  28  2:38  Gateway  
  28  2:49  Pylon  
  28  2:53  Warp Gate (Chrono Boost)  
  28  2:55  Mothership Core (Chrono Boost)  
  30  3:05  Photon Cannon  
  30  3:14  Assimilator  
  30  3:16  Probe (Chrono Boost)  
  30  3:19  Probe (Chrono Boost), Assimilator  
  32  3:33  Probe (Chrono Boost)  
  34  3:38  Probe (Chrono Boost)  
  34  3:43  Stargate  
  34  3:46  Stargate  
  34  3:48  Probe (Chrono Boost)  
  35  3:54  Probe (Chrono Boost)  
  37  3:56  Probe (Chrono Boost)  
  37  4:05  Protoss Ground Weapons Level 1  
  37  4:06  Probe x2  
  39  4:20  Probe (Chrono Boost)  
  41  4:25  Nexus  
  41  4:26  Probe (Chrono Boost)  
  42  4:33  Probe (Chrono Boost)  
  42  4:35  Probe (Chrono Boost), Phoenix  
  45  4:43  Phoenix (Chrono Boost)  
  47  4:49  Pylon  
  47  4:53  Probe  
  50  5:09  Phoenix (Chrono Boost)  
  50  5:13  Zealot  
  50  5:19  Phoenix  
  34  5:27  Phoenix  
  31  5:53  Probe (Chrono Boost)  
  31  5:55  Void Ray  
  31  5:56  Probe (Chrono Boost)  
  38  5:59  Probe (Chrono Boost)  
  38  6:02  Probe (Chrono Boost)  
  39  6:19  Probe (Chrono Boost)  
  39  6:21  Probe (Chrono Boost)  
  39  6:22  Probe (Chrono Boost)  
  40  6:28  Probe (Chrono Boost)  
  40  6:30  Probe (Chrono Boost)  
  43  6:35  Probe (Chrono Boost)  
  43  6:38  Probe x2 (Chrono Boost)  
  45  6:47  Probe (Chrono Boost)  
  45  6:53  Probe x2 (Chrono Boost)  
  48  6:58  Probe (Chrono Boost)  
  51  7:01  Probe (Chrono Boost)  
  51  7:05  Probe (Chrono Boost)  
  51  7:07  Probe (Chrono Boost)  
  56  7:11  Void Ray (Chrono Boost)  
  56  7:14  Void Ray (Chrono Boost)  
  60  7:17  Protoss Air Weapons Level 1  
  60  7:19  Probe (Chrono Boost)  
  62  7:22  Probe (Chrono Boost)  
  62  7:29  Probe (Chrono Boost)  
  64  7:30  Probe (Chrono Boost)  
  64  7:34  Probe (Chrono Boost)  
  71  7:45  Oracle (Chrono Boost)  
  71  7:46  Oracle (Chrono Boost)  
  71  7:48  Probe (Chrono Boost)  
  74  7:53  Robotics Facility  
  74  7:54  Probe x2 (Chrono Boost)  
  74  7:57  Robotics Facility  
  74  8:04  Pylon  
  74  8:05  Pylon  
  74  8:24  Probe (Chrono Boost)  
  74  8:26  Pylon  
  77  8:27  Probe x2 (Chrono Boost)  
  77  8:28  Pylon  
  80  8:34  Probe (Chrono Boost)  
  80  8:35  Probe (Chrono Boost)  
  80  8:39  Probe (Chrono Boost)  
  81  8:43  Probe (Chrono Boost)  
  81  8:46  Probe (Chrono Boost)  
  82  9:08  Void Ray x2  
  88  9:18  Zealot x2  
  88  9:34  Probe (Chrono Boost), Photon Cannon  
  88  9:35  Photon Cannon  
  88  9:37  Photon Cannon  
  90  9:40  Probe (Chrono Boost)  
  90  9:41  Robotics Bay  
  90  9:45  Twilight Council  
  90  9:46  Pylon  
  90  9:47  Gateway  
  90  9:51  Forge  
  90  9:58  Probe (Chrono Boost)  
  92  10:01  Observer x2 (Chrono Boost)  
  92  10:03  Probe (Chrono Boost)  
  94  10:09  Assimilator  
  94  10:13  Assimilator  
  94  10:21  Pylon, Photon Cannon  
  94  10:23  Pylon  
  94  10:25  Pylon  
  94  10:28  Colossus x2, Photon Cannon x2  
  94  10:33  Probe (Chrono Boost)  
  108  10:38  Probe (Chrono Boost)  
  108  10:48  Zealot  
  108  10:49  Zealot  
  96  11:09  Zealot  
  94  11:29  Charge  
  94  11:32  Colossus (Chrono Boost)  
  94  11:33  Colossus (Chrono Boost)  
  94  11:35  Protoss Ground Weapons Level 2 (Chrono Boost)  
  106  11:40  Templar Archives  
  106  11:51  Probe x2 (Chrono Boost)  
  106  11:52  Gateway, Probe (Chrono Boost)  
  111  12:01  Photon Cannon  
  111  12:03  Gateway, Photon Cannon, Probe x2 (Chrono Boost)  
  111  12:04  Gateway  
  111  12:05  Pylon  
  111  12:06  Pylon  
  111  12:16  Void Ray (Chrono Boost)  
  111  12:17  Void Ray (Chrono Boost)  
  119  12:34  Zealot x2  
  119  12:35  Zealot  
  131  12:37  Probe  
  131  12:38  Probe  
  131  12:41  Colossus (Chrono Boost)  
  133  12:58  Pylon  
  139  13:22  Pylon  
  139  13:25  Pylon  
  139  13:41  Stalker x5  
  141  13:42  Stalker  
Tags
 
Add a new tag
Caveats
  • Supply blocks, unpowered buildings, or Contaminate may cause inaccurate times.
  • Supply counts are checked every 10 seconds.